 Dungeon Crawl Stone Soup version 0.22-a0-603-gfc1114d (webtiles) character file.

797 Mamutox the Cudgeler (level 7, -6/71 HPs)
             Began as a Troll Chaos Knight on July 7, 2018.
             Mangled by a centaur (11 damage)
             ... on level 6 of the Dungeon.
             The game lasted 00:16:29 (4225 turns).

Mamutox the Cudgeler (Troll Chaos Knight)           Turns: 4225, Time: 00:16:31

Health: -6/71      AC:  7    Str: 23    XL:     7   Next: 58%
Magic:  6/6        EV: 11    Int:  8    God:    Xom [*.....]
Gold:   221        SH:  0    Dex:  9    Spells: 6/6 levels left

rFire    . . .     SeeInvis .   a - +0 mace (chaos)
rCold    . . .     Gourm    +   (no shield)
rNeg     . . .     Faith    .   b - +2 robe
rPois    .         Spirit   .   t - +0 hat
rElec    .         Reflect  .   (no cloak)
rCorr    .         Harm     .   (gloves unavailable)
MR       +....     Clarity  +   (boots unavailable)
Stlth    +.........             (no amulet)
HPRegen  0.61/turn              x - ring of protection from magic
MPRegen  0.10/turn              (no ring)

@: no status effects
A: large, unfitting armour, claws 3, blurry vision 1, clarity, clumsy 1,
deterioration 1, fast metabolism 3, gourmand, sense surroundings 1, regeneration
1, shaggy fur 1, strong 1, tough skin 2
a: Renounce Religion


You were on level 6 of the Dungeon.
You worshipped Xom.
You were a special plaything of Xom.
You were very full.

You visited 1 branch of the dungeon, and saw 6 of its levels.

You collected 221 gold pieces.

Inventory:

Hand Weapons
 a - a +0 mace of chaos (weapon)
Missiles
 e - 7 curare-tipped needles
 j - 4 tomahawks (quivered)
Armour
 b - a +2 robe (worn)
 t - a +0 hat (worn)
Jewellery
 x - a ring of protection from magic (left claw)
Wands
 s - a wand of flame (30)
 y - a wand of acid (11)
Scrolls
 f - a scroll of enchant weapon {unknown}
 g - 3 scrolls of remove curse
 h - 4 scrolls of teleportation
 m - a scroll of fear {unknown}
 n - a scroll of amnesia
 o - 3 scrolls of fog
 q - 2 scrolls of enchant armour {unknown}
 v - a scroll of immolation {unknown}
 w - a scroll of random uselessness {unknown}
Potions
 d - 6 potions of curing
 i - 3 potions of cancellation
 k - a potion of haste
 l - a potion of magic
 p - a potion of ambrosia
 r - a potion of agility
 u - a potion of brilliance {unknown}
Comestibles
 c - 13 rations


   Skills:
 + Level 4.7 Fighting
 + Level 5.2 Maces & Flails
 + Level 4.4 Dodging


You had 6 spell levels left.
You didn't know any spells.
Your spell library contained the following spells:

 Spells                   Type           Power        Failure   Level  Hunger
 Magic Dart               Conj           #...         41%         1    ##.....
 Conjure Flame            Conj/Fire      #.......     78%         3    ####...
 Slow                     Hex            #.......     54%         2    ###....
 Mephitic Cloud           Conj/Pois/Air  #.......     78%         3    ####...
 Blink                    Tloc           N/A          54%         2    ###....
 Call Imp                 Summ           #.......     54%         2    ###....
 Spider Form              Tmut/Pois      #.........   78%         3    ####...
 Blade Hands              Tmut           #.........   100%        5    ######.
 Ice Form                 Ice/Tmut       #.......     99%         4    #####..
 Sticks to Snakes         Tmut           #.......     54%         2    ###....
 Beastly Appendage        Tmut           #.....       41%         1    ##.....


Dungeon Overview and Level Annotations

Branches:
Dungeon (6/15)             Temple (0/1) D:4

Altars:
Fedhas
Kikubaaqudgha
Makhleb
Nemelex Xobeh
Qazlal
Trog
Vehumet
Xom
Yredelemnul


Innate Abilities, Weirdness & Mutations

You are too large for most types of armour.
You have claws for hands.
Your metabolism is lightning-fast.
You like to eat raw meat.
Your natural rate of healing is unusually fast.
You are covered in fur. (AC +1)
You have very tough skin. (AC +2)
Scrolls take you a little longer to read.
You possess an exceptional clarity of mind.
You are clumsy. (Dex -2)
Your body sometimes deteriorates upon taking damage.
You passively map a small area around you.
Your muscles are strong. (Str +2)


Message History

There is an open door here.
You see here an arrow.
The centaur hits you but does no damage.
The centaur hits you!
You emit a cloud of colourful smoke!
You see here an arrow.
The centaur completely misses you.
The centaur hits you but does no damage.
You hit the centaur.
The centaur is heavily wounded.
The centaur misses you. The centaur hits you!
* * * LOW HITPOINT WARNING * * *
You hit the centaur but do no damage.
The centaur is heavily wounded.
Xom's attention turns to you for a moment.
You are blasted with fire.
* * * LOW HITPOINT WARNING * * *
The centaur barely misses you. The centaur hits you!
You die...
Xom laughs nastily!

#........# *
#........#
#........#
#........#
######+#........#
#........(......#
#.#.#...(.......#
#.._............#
###.#§§@........#
#..§§c#########
##.§§§# ###(##
#.#################
#..§.....(........#
#################.#
#.# #.#


You could see a centaur (berserk).

Vanquished Creatures
  2 ice beasts (D:5)
  A phantom (D:5)
  A centaur (D:5)
  A jelly (D:6)
  2 hounds (D:5)
  An iguana (D:5)
  3 iron imps (D:4)
  2 orc wizards (D:5)
  A worker ant (D:5)
  A hound skeleton (D:6)
  5 adders
  An ooze (D:1)
  A dart slug (D:2)
  4 leopard geckos
  12 orcs
  7 bats
  8 giant cockroaches
  4 goblins
  A hobgoblin (D:1)
  13 jackals
  7 kobolds
  2 ball pythons
  3 frilled lizards
  A quokka skeleton (D:3)
  5 rats
89 creatures vanquished.

Vanquished Creatures (others)
  An orc wizard (D:5)
1 creature vanquished.

Grand Total: 90 creatures vanquished

Notes
Turn   | Place    | Note
-------+----------+-------------------------------------------
     0 | D:1      | Mamutox the Troll Chaos Knight began the quest for the Orb.
     0 | D:1      | Reached XP level 1. HP: 22/22 MP: 0/0
   112 | D:1      | Reached XP level 2. HP: 29/29 MP: 1/1
   198 | D:1      | Reached skill level 3 in Maces & Flails
   930 | D:2      | XOM: harmless Tloc miscast
   983 | D:2      | XOM: severe Pois miscast
   994 | D:2      | Reached XP level 3. HP: 36/36 MP: 2/2
  1098 | D:2      | XOM: cloud trail
  1198 | D:2      | XOM: give mutation
  1198 | D:2      | Gained mutation: Your muscles are strong. (Str +2) [Xom's grace]
  1348 | D:3      | XOM: scenery: create altars
  1366 | D:3      | XOM: fake destruction
  1502 | D:3      | Found a stormy altar of Qazlal.
  1589 | D:3      | Found a blossoming altar of Fedhas.
  1695 | D:3      | XOM: give mutations
  1695 | D:3      | Gained mutation: Your body sometimes deteriorates upon taking damage. [Xom's mischief]
  1695 | D:3      | Gained mutation: Scrolls take you a little longer to read. [Xom's mischief]
  1695 | D:3      | Gained mutation: You are clumsy. (Dex -2) [Xom's mischief]
  1744 | D:3      | XOM: give mutations
  1744 | D:3      | Gained mutation: You passively map a small area around you. [Xom's grace]
  1744 | D:3      | Gained mutation: You possess an exceptional clarity of mind. [Xom's grace]
  1798 | D:3      | Reached XP level 4. HP: 45/45 MP: 3/3
  1917 | D:3      | XOM: divination: magic mapping
  1978 | D:4      | Found a radiant altar of Vehumet.
  2087 | D:4      | Found a staircase to the Ecumenical Temple.
  2120 | D:4      | Found an ancient bone altar of Kikubaaqudgha.
  2281 | D:4      | Found a bloodstained altar of Trog.
  2432 | D:4      | XOM: scenery: create altars
  2585 | D:4      | Found a burning altar of Makhleb.
  2589 | D:4      | XOM: fog
  2590 | D:4      | XOM: summons friendly crimson imp
  2610 | D:4      | XOM: smoke on damage
  2616 | D:4      | HP: 2/45 [iron imp (8)]
  2654 | D:4      | Reached XP level 5. HP: 24/53 MP: 4/4
  2731 | D:4      | XOM: cloud trail
  2922 | D:4      | Found a shimmering altar of Xom.
  2999 | D:5      | Entered Level 5 of the Dungeon
  3052 | D:5      | Reached skill level 4 in Maces & Flails
  3066 | D:5      | XOM: cleaving
  3109 | D:5      | Noticed an ice beast
  3121 | D:5      | Killed an ice beast
  3121 | D:5      | Reached XP level 6. HP: 29/62 MP: 5/5
  3201 | D:5      | XOM: swap monsters
  3203 | D:5      | XOM: mild Air miscast
  3213 | D:5      | XOM: enchant monster (good)
  3356 | D:5      | Reached XP level 7. HP: 49/70 MP: 6/6
  3409 | D:5      | XOM: mild Tmut miscast
  3415 | D:5      | XOM: harmless Erth miscast
  3424 | D:5      | XOM: mild Ice miscast
  3440 | D:5      | XOM: potion effect (agility)
  3447 | D:5      | Reached skill level 5 in Maces & Flails
  3660 | D:5      | Found a sparkling altar of Nemelex Xobeh.
  4186 | D:6      | Found a basalt altar of Yredelemnul.
  4213 | D:6      | XOM: chaos upgrade
  4214 | D:6      | XOM: chaos cloud
  4222 | D:6      | XOM: smoke on damage
  4225 | D:6      | XOM: medium Fire miscast
  4225 | D:6      | Mangled by a centaur

Vault maps used:
D:1:      dpeg_arrival_solitude
D:3:      lemuel_round_altar, grunt_qazlal_clouds, kennysheep_flooded_box
D:4:      lightli_temple_of_fire, overflow_temple_1_default,
          vehumet_altar_wand_db, demons_altar, overflow_temple_1_default,
          minmay_temple_entry_statues_pillars
D:5:      nemelex_xobeh_ov_fountains_minmay, first_ration, patterned_corridor
D:6:      lemuel_crystal_altar, serial_shops, kennysheep_mini

Skill      XL: |  1  2  3  4  5  6  7 |
---------------+----------------------+-----
Dodging        | 2 3 4 |  4.4
Maces & Flails | 3 4 5 |  5.2
Fighting       | 3 4 |  4.7

Action                   |  1- 3 |  4- 6 |  7- 9 || total
-------------------------+-------+-------+-------++-------
Melee: Mace              |   108 |   134 |    71 ||   313
  Use: Potion            |       |     2 |     1 ||     3
       Scroll            |       |     8 |     2 ||    10
 Stab: Confused          |     1 |       |     1 ||     2
       Distracted        |       |     1 |       ||     1
  Eat: Chunk             |    22 |    14 |     8 ||    44
Armor: Robe              |    75 |    54 |    20 ||   149
       Skin              |       |       |    10 ||    10
Dodge: Dodged            |    73 |    89 |    36 ||   198

Table legend:
 A = Spawn XP
 B = Non-spawn XP
 C = Spawn XP percentage of total XP
 D = Spawn monster count
 E = Non-spawn monster count
 F = Spawn count percentage of total count
 G = Total turns spent on level
                    A         B        C        D         E        F      G
               +---------+---------+-------+---------+---------+-------+---------
         Total |       0 |    1139 |   0.0 |       0 |      90 |   0.0 |  4225
               +---------+---------+-------+---------+---------+-------+---------
           D:1 |       0 |      23 |   0.0 |       0 |      10 |   0.0 |   734
           D:2 |       0 |      32 |   0.0 |       0 |      19 |   0.0 |   511
           D:3 |       0 |      49 |   0.0 |       0 |      22 |   0.0 |   733
           D:4 |       0 |     158 |   0.0 |       0 |      12 |   0.0 |  1127
           D:5 |       0 |     811 |   0.0 |       0 |      24 |   0.0 |  1022
           D:6 |       0 |      66 |   0.0 |       0 |       3 |   0.0 |    98
               +---------+---------+-------+---------+---------+-------+---------
